 Dungeon Crawl Stone Soup version 0.27-a0-631-g2d681adce0 (webtiles) character file.

Game seed: 6754287436801042834

21 inc the Scratcher (level 2, -1/14 HPs)
             Began as a Felid Chaos Knight on Mar 13, 2021.
             Was a Plaything of Xom.
             Slain by a quokka (3 damage)
             ... on level 2 of the Dungeon.
             The game lasted 00:01:29 (1124 turns).

inc the Scratcher (Felid Chaos Knight)              Turns: 1124, Time: 00:01:29

Health: -1/14      AC:  1    Str:  8    XL:     2   Next: 62%
Magic:  3/3        EV: 17    Int: 13    God:    Xom [..*...]
Gold:   5          SH:  0    Dex: 15    Spells: 1/1 levels left
                                        Lives:  0   Deaths: 0

rFire    . . .     SeeInvis +     - Unarmed
rCold    . . .     Faith    .   (shield unavailable)
rNeg     . . .     Spirit   .   (armour unavailable)
rPois    .         Reflect  .   (helmet unavailable)
rElec    .         Harm     .   (cloak unavailable)
rCorr    .         Rampage  .   (gloves unavailable)
Will     .....                  (boots unavailable)
Stlth    ++........             (no amulet)
HPRegen  0.04/turn              (no ring)
MPRegen  0.08/turn              (no ring)

@: quick
A: very small, claws 1, fangs 3, see invisible, speed 1, shaggy fur 1, stealthy
paws, no weapons or thrown items, no armour, multi-lived
a: Renounce Religion


You were on level 2 of the Dungeon.
You worshipped Xom.
You were a toy of Xom.
You visited 1 branch of the dungeon, and saw 2 of its levels.

You collected 5 gold pieces.

Inventory:

Jewellery
 f - a ring of poison resistance
Scrolls
 b - a scroll of amnesia {unknown}
 c - 2 scrolls of fog {unknown}
 d - 2 scrolls of immolation {unknown}
 g - 2 scrolls of identify {unknown}
Potions
 a - a potion of attraction {unknown}
 e - 2 potions of haste {unknown}


   Skills:
 - Level 3.0 Fighting
 - Level 3.2 Dodging
 + Level 4.0 Unarmed Combat


You had one spell level left.
You didn't know any spells.
Your spell library was empty.

Dungeon Overview and Level Annotations

Branches:
Dungeon (2/15)

Altars:


Innate Abilities, Weirdness & Mutations

You have sharp claws.
You have razor-sharp teeth.
You have supernaturally acute eyesight. (SInv)
You cover ground quickly. (Speed+)
You are covered in fur. (AC +1)
Your stealthy paws help you sneak and pounce on unaware monsters.
You are incapable of wielding weapons or throwing items.
You cannot wear armour.
You gain extra lives every three experience levels.


Message History

The frilled lizard hisses angrily.
There is a stone staircase leading up here.
A frilled lizard is nearby!
You miss the frilled lizard. The frilled lizard closely misses you.
You scratch the frilled lizard.
You kill the frilled lizard!
No target in view!
No target in view!
No target in view!
No target in view!
No target in view!
No target in view!
You stumble into a teleport trap!
You are suddenly yanked towards some nearby monsters!
Your surroundings suddenly seem different.
A jackal comes into view.
The jackal barks!
A jackal comes into view.
The jackal barely misses you.
A quokka comes into view.
A giant cockroach comes into view.
Found a scroll labelled LIUMIEMIONN.
You miss the jackal. Your bite misses the jackal. The jackal misses you.
The jackal bites you but does no damage.
The jackal barely misses you.
You closely miss the jackal. The jackal closely misses you.
The jackal bites you.
The giant cockroach bites you but does no damage.
You barely miss the quokka. The jackal bites you. The jackal barely misses you.
The quokka misses you. The giant cockroach closely misses you.
You scratch the quokka.
The quokka is moderately wounded.
The jackal misses you. The jackal completely misses you. The quokka bites you.
The giant cockroach waves its antennae.
The giant cockroach completely misses you.
The jackal bites you but does no damage.
The jackal bites you.
* * * LOW HITPOINT WARNING * * *
The quokka closely misses you. The quokka bites you.
You die...

### .# ##<# ..#
#..# #..## #.##
#... #.#
#####.#### #.#
#........# #.#
.#####........#
#.#
.......@.B....#
#..
######.hrh?...#
### #........#
#........#
##########


You could see a quokka, 2 jackals and a giant cockroach.

Vanquished Creatures
  3 giant cockroaches (D:1)
  A goblin (D:1)
  5 hobgoblins (D:1)
  3 jackals (D:1)
  2 kobolds (D:1)
  A frilled lizard (D:2)
  2 rats (D:1)
17 creatures vanquished.

Notes
Turn   | Place    | Note
-------+----------+-------------------------------------------
     0 | D:1      | inc the Felid Chaos Knight began the quest for the Orb.
     0 | D:1      | Reached XP level 1. HP: 10/10 MP: 2/2
    29 | D:1      | XOM: butterfly on damage
   378 | D:1      | XOM: silly message
   450 | D:1      | XOM: divination: detect creatures
   586 | D:1      | Reached XP level 2. HP: 14/14 MP: 3/3
   764 | D:1      | XOM: cloud trail
   908 | D:1      | Reached skill level 4 in Unarmed Combat
  1038 | D:1      | XOM: silly message
  1124 | D:2      | Slain by a quokka

Illustrated notes

Levels and vault maps discovered:
D:1:      saegor_arrival_simple_d, layout_basic
D:2:      kennysheep_big_flooded_room, layout_basic

Skill      XL: |  1  2 |
---------------+-------+-----
Unarmed Combat | 4 |  4.0
Fighting       | |  3.0
Dodging        | |  3.2

Action                   || total
-------------------------++-------
Melee: Unarmed           ||    57
       Bite              ||     4
       Punch             ||     1
 Stab: Sleeping          ||     1
Armor: Skin              ||     4
Dodge: Dodged            ||    49

Table legend: (Time is in decaauts)
 A = Elapsed time spent in this place.
 B = Non-inter-level travel time spent in this place.
 C = Inter-level travel time spent in this place.
 D = Time resting spent in this place.
 E = Time spent auto-exploring this place.
 F = Levels seen in this place.
 G = Mean time per level.
                   A        B        C        D        E       F      G
               +--------+--------+--------+--------+--------+-----+--------+
         Total |   1014 |    997 |     17 |    255 |    535 |   2 |  507.0 |
       Dungeon |   1014 |    997 |     17 |    255 |    535 |   2 |  507.0 |
               +--------+--------+--------+--------+--------+-----+--------+

Top non-repeatable levels by time:
     D:1: 1004 daAuts
     D:2: 9 daAuts
